 Dungeon Crawl Stone Soup version 0.17.0 (webtiles) character file.

25784 Eucla the Cleaver (level 12, 0/115 HPs)
             Began as a Minotaur Gladiator on Nov 13, 2015.
             Was the Champion of Ru.
             Slain by a lindwurm (5 damage)
             ... on level 8 of the Lair of Beasts on Nov 14, 2015.
             The game lasted 00:30:06 (15749 turns).

Eucla the Cleaver (Minotaur Gladiator)             Turns: 15749, Time: 00:30:06

Health: 0/115      AC: 22    Str: 24    XL:     12   Next: 92%
Magic:  11/11      EV: 16    Int:  5    God:    Ru [******]
Gold:   1475       SH:  0    Dex: 16    Spells: 0 memorised, 11 levels left

rFire  + . .     SeeInvis +     a - +3 battleaxe (flame)
rCold  + . .     Clarity  .     j - +2 chain mail {rF+}
rNeg   . . .     SustAt   .     (shield currently unavailable)
rPois  +         Gourm    .     c - +1 hat
rElec  .         Spirit   .     S - +2 cloak {+Inv}
rCorr  .         Warding  .     B - +1 pair of gloves
rMut   .         Stasis   .     (no boots)
MR     .....                    G - amulet of rage
Stlth  ..........               L - ring of Ychaf {rPois rC+ Str+4 SInv}
                                A - +2 ring of slaying

@: exhausted, no potions, slowed, very slow, not resistant to hostile
enchantments, extremely unstealthy
A: retaliatory headbutt, horns 2, slow regeneration 1, inability to drink while
threatened, inability to read while threatened, no stealth, hated by all, no air
magic, no necromancy magic, no summoning magic, inexperienced 1
a: Draw Out Power, Power Leap, Apocalypse, Renounce Religion, Evoke Berserk
Rage, Evoke Invisibility


You were on level 8 of the Lair of Beasts.
You worshipped Ru.
Ru was exalted by your worship.
You were very hungry.

You visited 2 branches of the dungeon, and saw 18 of its levels.
You also visited: Ice Cave.

You collected 1475 gold pieces.

Inventory:

Hand Weapons
 a - a +3 battleaxe of flaming (weapon)
 r - a +0 vampiric broad axe
Armour
 c - a +1 hat (worn)
 j - a +2 chain mail of fire resistance (worn)
 B - a +1 pair of gloves (worn)
 S - a +2 cloak of invisibility (worn)
Jewellery
 b - a +3 ring of dexterity
 v - an uncursed amulet of clarity {unknown}
 A - a +2 ring of slaying (left hand)
 C - an uncursed amulet of resist mutation
 G - an amulet of rage (around neck)
 L - the ring of Ychaf (right hand) {rPois rC+ Str+4 SInv}
   (You found it on level 3 of the Lair of Beasts)

   [ring of see invisible]

   It affects your strength (+4).
   It protects you from cold.
   It protects you from poison.
   It lets you see invisible.
 O - an uncursed ring of sustain attributes
 W - an uncursed ring of positive energy {unknown}
Wands
 n - a wand of enslavement (10)
 y - a wand of fire (5)
 Q - a wand of flame (15)
 T - a wand of teleportation (3)
 X - a wand of digging (10)
 Z - a wand of fire (13)
Scrolls
 f - 2 scrolls of magic mapping
 g - 4 scrolls of recharging
 i - 6 scrolls of teleportation
 k - 3 scrolls of enchant weapon
 l - 2 scrolls of fear
 o - 2 scrolls of blinking
 p - 9 scrolls of remove curse
 x - 5 scrolls of identify
 K - a scroll of fog
 N - 5 scrolls of enchant armour
Potions
 h - 6 potions of lignification
 m - a potion of magic
 q - 3 potions of heal wounds
 s - 6 potions of flight
 t - a potion of cure mutation
 z - 5 potions of curing
 D - 2 potions of haste {unknown}
 F - 2 potions of resistance {unknown}
 H - a potion of cancellation {unknown}
 I - 2 potions of agility {unknown}
 J - 2 potions of might {unknown}
 M - 2 potions of invisibility {unknown}
 R - 3 potions of degeneration {unknown}
 U - 2 potions of brilliance {unknown}
Books
 u - a book of Enchantments

   Spells                             Type                      Level
   a - Cause Fear                     Hexes                        4
   b - Silence                        Hexes/Air                    5
   c - Deflect Missiles               Charms/Air                   6
   d - Haste                          Charms                       6
   e - Discord                        Hexes                        8
 w - a book of Battle

   Spells                             Type                      Level
   a - Infusion                       Charms                       1
   b - Shroud of Golubria             Charms/Translocation         2
   c - Song of Slaying                Charms                       2
   d - Spectral Weapon                Hexes/Charms                 3
   e - Regeneration                   Charms/Necromancy            3
Comestibles
 d - 4 fruits
 e - 5 bread rations
 E - 7 meat rations
 P - 2 slices of pizza
 V - 3 royal jellies


   Skills:
 + Level 13.5 Fighting
 + Level 14.2 Axes
 - Level 2.0 Throwing
 + Level 13.5 Armour
 + Level 12.9 Dodging


You had 11 spell levels left.
You didn't know any spells.

Dungeon Overview and Level Annotations

Branches:
Dungeon (10/15)            Temple (0/1) D:5            Lair (8/8) D:9
  Swamp (0/4) Lair:5       Spider (0/4) Lair:6        Slime (0/6) Lair:7
    Orc (0/4) D:10

Altars:
Ashenzari
Cheibriados
Elyvilon
Nemelex Xobeh
Ru
Xom
Jiyva

Annotations:
Lair:8 1 runed door


Innate Abilities, Weirdness & Mutations

You reflexively headbutt those who attack you in melee.
You have a pair of horns on your head.
You regenerate slowly when monsters are visible.
You cannot drink potions while threatened.
You cannot read scrolls while threatened.
You cannot be stealthy.
You are hated by all.
You cannot study or cast Air magic.
You cannot study or cast Necromancy magic.
You cannot study or cast Summoning magic.
You are somewhat inexperienced (-2 XL).


Message History

The worm bites you but does no damage. The wasp stings you but does no damage.
Unknown command.
Unknown command.
You slash the wasp! You burn the wasp.
The wasp is almost dead.
You slice the worm!! You burn the worm.
You kill the worm!
The wasp stings you but does no damage. The lindwurm breathes flames at you.
The blast of flame hits you! You resist.
* * * LOW HITPOINT WARNING * * *
Unknown command.
You miss the wasp. You headbutt the wasp.
You kill the wasp!
You closely miss the lindwurm.
You can read scrolls again.
The lindwurm bites you!
* * * LOW HITPOINT WARNING * * *
The lindwurm misses you. The lindwurm claws you.
You die...

## #####
#.##.P.###
###....k..###
##....#@#...†###
#....######..y.#
### #..##.#
###.†..# ..#
#...### ###...#
..# +##⌠.##
#..... ..# #...#
#w... ..# ##.†##
.... ..## ##..##
.## ...# ###...#
.


You could see a lindwurm.

Vanquished Creatures
  The ghost of unimpressed the Severer, a journeyman MiBe of Trog (Lair:6)
  5 hydras
  4 elephants (Lair:7)
  6 black mambas
  The ghost of busb the Grappler, a novice VSFE of Fedhas (D:6)
  2 torpor snails
  Psyche (D:10)
  12 spiny frogs
  6 komodo dragons
  A fire drake (Lair:3)
  3 polar bears (IceCv)
  A queen bee (D:9)
  2 giant leeches (Lair:8)
  9 blink frogs
  30 yaks
  Sigmund (D:4)
  A deep elf mage (D:10)
  7 wolves
  5 hippogriffs
  2 basilisks
  2 steam dragons
  5 swamp worms (Lair:5)
  10 water moccasins
  2 mottled dragons (Lair:5)
  12 porcupines
  7 spiders (Lair:6)
  2 ice beasts
  An orc warrior (D:6)
  3 sky beasts
  A swamp drake (Lair:5)
  A phantom (D:4)
  2 ogres
  2 necrophages
  5 centaurs
  3 wasps (Lair:8)
  9 crocodiles
  14 giant frogs
  2 scorpions
  4 wights (D:7)
  38 killer bees
  An electric eel (Lair:5)
  7 crimson imps
  2 quasits
  A giant frog zombie (D:5)
  An orc priest (D:6)
  4 hounds
  A giant frog skeleton (D:6)
  Crazy Yiuf (D:7)
  A wasp zombie (D:9)
  Jessica (D:3)
  6 iguanas
  6 orc wizards
  7 worker ants
  18 sheep
  A hound zombie (D:8)
  A hound skeleton (D:4)
  A worker ant zombie (D:7)
  Robin (D:2)
  15 adders
  3 gnolls (D:6)
  37 river rats
  3 shadow imps
  An ooze (D:5)
  An adder skeleton (D:6)
  11 worms
  4 giant geckos
  22 orcs
  6 bats
  8 giant cockroaches
  12 goblins
  8 hobgoblins
  25 jackals
  9 quokkas
  A ball python (D:1)
  A giant gecko skeleton (D:6)
  6 giant newts
  2 jackal skeletons
  6 kobolds
  13 rats
  12 fungi
  7 plants
499 creatures vanquished.

Vanquished Creatures (others)
  A hydra (Lair:6)
  A fire drake (Lair:6)
  A polar bear (IceCv)
  2 hippogriffs
  A swamp worm (Lair:5)
  An ogre (D:9)
  A river rat (Lair:4)
  A worm (Lair:8)
  A bush (D:5)
  6 fungi
  10 plants (Lair:8)
26 creatures vanquished.

Grand Total: 525 creatures vanquished

Notes
Turn   | Place    | Note
--------------------------------------------------------------
     0 | D:1      | Eucla the Minotaur Gladiator began the quest for the Orb.
     0 | D:1      | Reached XP level 1. HP: 18/18 MP: 0/0
    34 | D:1      | Reached skill level 1 in Armour
    51 | D:1      | Reached XP level 2. HP: 19/25 MP: 1/1
   508 | D:2      | Reached XP level 3. HP: 24/30 MP: 2/2
   561 | D:2      | Reached skill level 4 in Dodging
   824 | D:2      | Found a white marble altar of Elyvilon.
   859 | D:2      | Reached XP level 4. HP: 26/38 MP: 3/3
   918 | D:2      | Noticed Robin
   956 | D:2      | Killed Robin
  1075 | D:2      | Found a sacrificial altar of Ru.
  1098 | D:2      | Found a shimmering altar of Xom.
  1101 | D:2      | Became a worshipper of Ru the Awakened
  1260 | D:3      | Reached XP level 5. HP: 30/45 MP: 4/4
  1507 | D:3      | Found a faded altar to an unknown god.
  1793 | D:3      | Noticed Jessica
  1802 | D:3      | Killed Jessica
  2310 | D:3      | Reached skill level 5 in Axes
  2379 | D:4      | Gained mutation: You are hated by all. [Ru sacrifice]
  2379 | D:4      | Reached * piety under Ru
  2395 | D:4      | Reached XP level 6. HP: 49/52 MP: 5/5
  2611 | D:4      | Noticed Sigmund
  2618 | D:4      | Killed Sigmund
  2618 | D:4      | Reached skill level 5 in Dodging
  2619 | D:4      | Noticed a phantom
  2645 | D:4      | Killed a phantom
  2645 | D:4      | Reached XP level 7. HP: 40/60 MP: 6/6
  2808 | D:4      | Found a sparkling altar of Nemelex Xobeh.
  3179 | D:4      | Found a snail-covered altar of Cheibriados.
  3269 | D:5      | Entered Level 5 of the Dungeon
  3320 | D:5      | Reached skill level 5 in Fighting
  3453 | D:5      | Reached skill level 6 in Axes
  3660 | D:5      | Found a staircase to the Ecumenical Temple.
  3683 | D:5      | Reached skill level 5 in Armour
  4037 | D:5      | Reached XP level 8. HP: 47/70 MP: 7/7
  4048 | D:5      | Gained mutation: You cannot be stealthy. [Ru sacrifice]
  4368 | D:6      | Reached skill level 7 in Axes
  4503 | D:6      | Noticed busb's ghost (novice VSFE)
  4522 | D:6      | Killed busb's ghost
  4987 | D:6      | Reached XP level 9. HP: 50/79 MP: 8/8
  5011 | D:6      | Reached skill level 8 in Axes
  5880 | D:7      | Gained mutation: You cannot study or cast Air magic. [Ru sacrifice]
  5880 | D:7      | Gained mutation: You cannot study or cast Necromancy magic. [Ru sacrifice]
  5880 | D:7      | Gained mutation: You cannot study or cast Summoning magic. [Ru sacrifice]
  5880 | D:7      | Reached ** piety under Ru
  6073 | D:7      | Reached skill level 9 in Axes
  6106 | D:7      | Noticed Crazy Yiuf
  6114 | D:7      | Killed Crazy Yiuf
  6144 | D:7      | You fall through a shaft for 3 floors!
  6144 | D:10     | Entered Level 10 of the Dungeon
  6453 | D:10     | Noticed Psyche
  6459 | D:10     | Killed Psyche
  6459 | D:10     | Reached XP level 10. HP: 90/90 MP: 9/9
  6460 | D:10     | Found a staircase to the Orcish Mines.
  6514 | D:9      | Found a staircase to the Lair.
  6936 | D:9      | Reached skill level 10 in Axes
  7612 | D:8      | Found a shattered altar of Ashenzari.
  8397 | Lair:1   | Entered Level 1 of the Lair of Beasts
  8477 | Lair:1   | Noticed a black mamba
  8484 | Lair:1   | Killed a black mamba
  8484 | Lair:1   | Reached skill level 10 in Fighting
  8905 | Lair:1   | Reached skill level 10 in Armour
  8914 | Lair:1   | Gained mutation: You regenerate slowly when monsters are visible. [Ru sacrifice]
  8914 | Lair:1   | Reached *** piety under Ru
  8997 | Lair:1   | Reached XP level 11. HP: 50/100 MP: 10/10
  9102 | Lair:1   | Reached skill level 11 in Axes
  9243 | Lair:1   | Noticed a black mamba
  9254 | Lair:1   | Killed a black mamba
  9254 | Lair:1   | Reached skill level 10 in Dodging
  9392 | Lair:1   | Noticed a six-headed hydra
  9405 | Lair:1   | Killed a six-headed hydra
 10944 | Lair:3   | Got a ripped robe
 10955 | Lair:3   | Identified the +1 robe of the Princess {+Inv Regen+ rCorr Dex+4} (You found it on level 3 of the Lair of Beasts)
 10955 | Lair:3   | Gained mutation: You are somewhat inexperienced (-2 XL). [Ru sacrifice]
 10955 | Lair:3   | Reached XP level 10. HP: 84/96 MP: 9/9
 10955 | Lair:3   | Reached XP level 9. HP: 84/89 MP: 8/8
 10955 | Lair:3   | Reached **** piety under Ru
 11067 | Lair:3   | Reached skill level 12 in Axes
 11068 | Lair:3   | Reached XP level 10. HP: 89/96 MP: 9/9
 11109 | Lair:3   | Got a twitching golden ring
 11159 | Lair:3   | Identified the ring of Ychaf {rPois rC+ Str+4 SInv} (You found it on level 3 of the Lair of Beasts)
 11185 | Lair:3   | Noticed a black mamba
 11189 | Lair:3   | Killed a black mamba
 11546 | Lair:4   | Noticed a black mamba
 11558 | Lair:4   | Killed a black mamba
 12022 | Lair:4   | Reached XP level 11. HP: 68/104 MP: 10/10
 12035 | Lair:4   | Noticed a black mamba
 12040 | Lair:4   | Killed a black mamba
 12045 | Lair:4   | Noticed a four-headed hydra
 12095 | Lair:4   | Killed a two-headed hydra
 12123 | Lair:4   | Gained mutation: You cannot read scrolls while threatened. [Ru sacrifice]
 12123 | Lair:4   | Reached ***** piety under Ru
 12665 | Lair:5   | Reached skill level 13 in Axes
 12701 | Lair:5   | Found a staircase to the Swamp.
 13346 | Lair:5   | Identified a scroll of acquirement
 13495 | Lair:6   | Noticed a five-headed hydra
 13503 | Lair:6   | Killed a four-headed hydra
 13652 | Lair:6   | Found a hole to the Spider Nest.
 13714 | Lair:6   | Gained mutation: You cannot drink potions while threatened. [Ru sacrifice]
 13714 | Lair:6   | Reached ****** piety under Ru
 13910 | Lair:6   | Noticed a six-headed hydra
 13913 | Lair:6   | Noticed unimpressed's ghost (journeyman MiBe)
 13916 | Lair:6   | Killed a four-headed hydra
 13916 | Lair:6   | Reached XP level 12. HP: 88/113 MP: 11/11
 13920 | Lair:6   | Killed unimpressed's ghost
 14415 | Lair:7   | Found a frozen archway.
 14437 | IceCv    | Entered an ice cave
 14967 | Lair:7   | Noticed a five-headed hydra
 14978 | Lair:7   | Killed a one-headed hydra
 14993 | Lair:7   | Reached skill level 14 in Axes
 15190 | Lair:7   | Found a staircase to the Slime Pits.
 15191 | Lair:7   | Found a viscous altar of Jiyva.
 15194 | Lair:7   | Noticed a seven-headed hydra
 15203 | Lair:7   | Killed a three-headed hydra
 15431 | Lair:8   | Entered Level 8 of the Lair of Beasts
 15701 | Lair:8   | Found a runed door.
 15749 | Lair:8   | HP: 5/115 [lindwurm (8)]
 15749 | Lair:8   | Slain by a lindwurm

Action                   |  1- 3 |  4- 6 |  7- 9 | 10-12 || total
-------------------------+-------+-------+-------+-------++-------
Melee: War axe           |    62 |       |       |       ||    62
       Broad axe         |     8 |   145 |   253 |   532 ||   938
       Battleaxe         |       |       |       |   194 ||   194
       Hand axe          |       |       |       |    13 ||    13
Invok: Sacrifice Love    |       |     1 |       |       ||     1
       Sacrifice Stealth |       |       |     1 |       ||     1
       Sacrifice Arcana  |       |       |     1 |       ||     1
       Sacrifice Experie |       |       |     1 |       ||     1
       Sacrifice Purity  |       |       |       |     1 ||     1
       Sacrifice Words   |       |       |       |     1 ||     1
       Sacrifice Drink   |       |       |       |     1 ||     1
       Apocalypse        |       |       |       |     1 ||     1
 Abil: Evoke Berserk Rag |       |       |     5 |     5 ||    10
Evoke: Wand              |       |       |       |     4 ||     4
  Use: Scroll            |       |       |       |    27 ||    27
       Potion            |       |       |       |     5 ||     5
 Stab: Paralysed         |       |       |       |     4 ||     4
       Distracted        |       |       |       |     3 ||     3
       Invisible         |       |       |       |    17 ||    17
       Petrifying        |       |       |       |     1 ||     1
  Eat: Pizza             |       |     1 |     1 |       ||     2
       Chunk             |       |     4 |    13 |    10 ||    27
       Royal jelly       |       |       |     1 |     8 ||     9
       Fruit             |       |       |       |     7 ||     7
       Meat ration       |       |       |       |     1 ||     1
